Map: [ESL] Alcyone

Players

DieMauer (ShoWTimE) - Winner!

  • Race: Protoss Protoss
  • League: Grandmaster
  • Spawn Location: 7:00

Reynor

  • Race: Zerg Zerg
  • League: Master
  • Spawn Location: 1:00

Event: Bellum Gens Elite Stara Zagora 2024

VOD

Have the link to the VOD?

Description

Time

  • Played on: Sept. 7, 2024, 10:58 a.m.
  • Length: 17:55

All games in this series

Show
View Real Time Build Order
Export as new Build Order

DieMauer Protoss - Winner!

Build Orders: 1 Gate Expand, Oracle Opening, Phoenix Opening 

Get SALT Encoding   

  12  0:00  Probe  
  13  0:12  Probe  
  14  0:18  Pylon  
  14  0:24  Probe  
  14  0:28  Assimilator  
  15  0:36  Probe  
  16  0:42  Gateway  
  16  0:48  Probe (Chrono Boost)  
  17  0:58  Probe (Chrono Boost)  
  17  1:03  Probe (Chrono Boost)  
  19  1:15  Probe  
  20  1:22  Nexus  
  20  1:32  Cybernetics Core  
  20  1:35  Probe  
  21  1:40  Assimilator  
  21  1:47  Probe  
  21  1:50  Pylon  
  22  1:59  Probe  
  23  2:05  Adept (Chrono Boost)  
  25  2:11  Probe  
  25  2:13  Stargate  
  26  2:19  Warp Gate  
  26  2:24  Probe (Chrono Boost)  
  26  2:28  Adept  
  29  2:34  Probe (Chrono Boost)  
  31  2:41  Probe (Chrono Boost)  
  31  2:43  Probe (Chrono Boost)  
  32  2:48  Probe x2 (Chrono Boost)  
  34  2:56  Phoenix (Chrono Boost)  
  36  2:59  Adept  
  36  3:00  Probe  
  36  3:02  Pylon  
  36  3:04  Probe  
  40  3:11  Oracle (Chrono Boost)  
  40  3:12  Probe  
  41  3:16  Probe  
  45  3:24  Probe  
  46  3:28  Pylon  
  46  3:29  Probe  
  47  3:36  Probe  
  47  3:38  Oracle (Chrono Boost)  
  47  3:41  Probe  
  52  3:49  Nexus  
  52  3:51  Probe  
  52  3:55  Probe  
  54  3:56  Assimilator  
  54  3:59  Assimilator  
  54  4:04  Probe  
  54  4:05  Pylon  
  54  4:07  Probe  
  56  4:10  Oracle (Chrono Boost)  
  56  4:17  Probe  
  60  4:19  Probe  
  61  4:24  Adept  
  61  4:25  Pylon  
  61  4:29  Probe  
  64  4:31  Probe  
  64  4:32  Twilight Council  
  65  4:41  Forge, Probe  
  65  4:43  Probe (Chrono Boost)  
  65  4:44  Gateway  
  67  4:47  Adept  
  67  4:50  Shield Battery  
  69  4:55  Probe (Chrono Boost)  
  69  4:58  Gateway  
  69  4:59  Probe (Chrono Boost)  
  71  5:03  Probe (Chrono Boost)  
  71  5:05  Probe (Chrono Boost)  
  71  5:06  Probe (Chrono Boost)  
  72  5:07  Adept  
  72  5:10  Probe (Chrono Boost)  
  72  5:11  Protoss Ground Weapons Level 1 (Chrono Boost)  
  72  5:12  Blink (Chrono Boost)  
  69  5:15  Probe (Chrono Boost)  
  71  5:22  Probe x2 (Chrono Boost)  
  71  5:27  Probe (Chrono Boost)  
  71  5:28  Gateway  
  73  5:29  Stalker  
  73  5:30  Probe (Chrono Boost)  
  73  5:32  Assimilator, Probe (Chrono Boost)  
  73  5:33  Probe (Chrono Boost)  
  73  5:34  Pylon  
  78  5:39  Stalker, Probe  
  78  5:41  Probe  
  82  5:50  Probe  
  82  5:51  Probe  
  82  5:53  Assimilator, Pylon  
  82  5:54  Stalker x2  
  82  5:56  Probe  
  89  5:59  Photon Cannon  
  89  6:02  Stalker  
  91  6:18  Stalker x2  
  91  6:24  Probe  
  96  6:26  Stalker x2, Pylon  
  96  6:29  Robotics Facility  
  96  6:31  Templar Archives  
  100  6:41  Stalker x2  
  100  6:42  Probe  
  100  6:43  Nexus, Probe x2  
  100  6:45  Pylon  
  107  6:48  Pylon  
  107  6:50  Stalker x2  
  111  6:55  Probe, Pylon  
  111  6:57  Pylon  
  112  7:01  Probe  
  112  7:02  Shield Battery  
  112  7:04  Psionic Storm  
  112  7:06  Protoss Ground Weapons Level 2 (Chrono Boost)  
  112  7:07  Charge (Chrono Boost), Photon Cannon  
  113  7:09  Shield Battery  
  113  7:15  High Templar x2  
  113  7:20  Probe x2  
  120  7:22  Probe  
  120  7:32  Probe x2  
  120  7:33  High Templar x2  
  126  7:38  Gateway, Observer  
  126  7:40  Probe  
  126  7:41  Gateway  
  126  7:43  Photon Cannon  
  126  7:44  Gateway, Probe x2  
  128  7:46  Gateway  
  128  7:51  Photon Cannon  
  130  7:53  Assimilator  
  130  7:56  Photon Cannon  
  130  7:57  Probe, Pylon  
  130  7:58  Assimilator, Probe x2  
  133  8:00  High Templar x2  
  133  8:03  Warp Prism (Chrono Boost)  
  141  8:11  Pylon  
  139  8:19  Pylon  
  139  8:22  Shield Battery  
  139  8:29  Immortal (Chrono Boost)  
  139  8:31  Fleet Beacon, Stargate  
  139  8:33  Protoss Air Weapons Level 1  
  143  8:35  Zealot x4  
  143  8:40  Shield Battery  
  151  8:41  Shield Battery  
  151  8:45  Zealot x4  
  145  8:56  High Templar x2  
  145  8:57  Zealot x2  
  145  9:00  Immortal (Chrono Boost)  
  145  9:01  Archon  
  153  9:05  Pylon  
  153  9:07  Shield Battery, Pylon  
  157  9:12  Tempest (Chrono Boost)  
  157  9:13  Tempest (Chrono Boost)  
  157  9:15  Gateway  
  157  9:16  Protoss Ground Weapons Level 3 (Chrono Boost)  
  167  9:26  Photon Cannon  
  167  9:28  Forge  
  167  9:31  Shield Battery  
  167  9:47  Tempest, Pylon  
  167  9:48  Zealot x6  
  167  9:49  Zealot, Tempest  
  185  10:04  Protoss Shields Level 1 (Chrono Boost)  
  185  10:11  High Templar x4  
  193  10:16  Gateway, Archon  
  193  10:17  Gateway, Archon  
  189  10:21  Gateway  
  189  10:37  Gateway  
  189  10:38  Zealot x5  
  189  10:57  Nexus  
  189  10:58  Zealot x5, Pylon  
  189  11:02  Protoss Air Weapons Level 2 (Chrono Boost)  
  199  11:05  Pylon  
  199  11:13  Zealot x4  
  199  11:17  Immortal (Chrono Boost)  
  162  11:28  High Templar x8  
  162  11:32  Archon x4  
  178  11:34  High Templar x3  
  178  11:35  Zealot x2, Nexus  
  188  11:41  Photon Cannon  
  188  11:43  Photon Cannon  
  188  11:45  Photon Cannon  
  188  11:47  Photon Cannon  
  188  11:48  Shield Battery  
  188  11:49  Pylon, Immortal  
  188  11:51  Protoss Ground Armor Level 1 (Chrono Boost)  
  192  11:55  Zealot x2  
  192  12:00  Zealot x7  
  195  12:01  Zealot  
  167  12:09  Zealot  
  167  12:10  Zealot x2  
  159  12:17  Zealot  
  159  12:21  Probe x2  
  159  12:22  Probe  
  148  12:23  Zealot  
  148  12:25  Immortal (Chrono Boost)  
  148  12:27  Stalker  
  156  12:31  Probe  
  156  12:36  Pylon  
  157  12:37  High Templar x3  
  157  12:39  High Templar, Pylon  
  157  12:41  Probe x2  
  157  12:42  Archon  
  167  12:44  Probe  
  167  12:48  Assimilator  
  167  12:50  Archon  
  167  12:51  High Templar x2  
  170  12:57  Immortal (Chrono Boost)  
  176  13:02  Robotics Facility  
  176  13:05  Robotics Facility  
  176  13:06  Stalker x3  
  180  13:15  Zealot x3  
  158  13:31  Zealot x3, High Templar x2  
  166  13:34  Immortal (Chrono Boost)  
  166  13:37  Archon  
  170  13:52  Archon  
  170  13:53  Nexus, High Templar x4  
  182  13:56  Pylon  
  182  14:03  Immortal (Chrono Boost)  
  182  14:04  Zealot x2, Pylon  
  188  14:20  Immortal (Chrono Boost)  
  172  14:25  Immortal (Chrono Boost)  
  156  14:32  Immortal (Chrono Boost)  
  156  14:33  Zealot x6  
  162  14:38  Zealot x2  
  150  14:46  Zealot x2  
  150  14:52  High Templar x2  
  151  14:57  Archon  
  144  15:05  Immortal (Chrono Boost)  
  144  15:09  High Templar x4  
  144  15:13  Archon  
  144  15:14  Archon  
  152  15:17  Immortal (Chrono Boost)  
  156  15:27  Immortal (Chrono Boost)  
  156  15:28  Cybernetics Core  
  160  15:41  Zealot  
  160  15:42  Zealot x2  
  150  15:56  Zealot x4  
  134  16:08  High Templar x3  
  134  16:09  High Templar  
  140  16:13  Archon x2  
  140  16:22  Pylon  
  140  16:23  High Templar x2  
  140  16:24  Zealot x2  
  148  16:27  Archon  
  148  16:28  Zealot  
  150  16:33  Pylon  
  146  16:49  Immortal  
  134  16:54  Zealot x2  
  134  16:59  Zealot  
  132  17:02  Zealot  
  134  17:15  Zealot x2, High Templar x2  
  138  17:16  Zealot  
  138  17:19  Archon  
  144  17:36  High Templar x2  
  148  17:37  Zealot x4  
  148  17:41  Archon  
  132  17:45  Zealot x2  
Show
View Real Time Build Order
Export as new Build Order

Reynor Zerg 

Build Orders: Hatch First 

Get SALT Encoding   

  12  0:00  Drone  
  13  0:12  Overlord  
  13  0:17  Drone  
  14  0:30  Drone x2  
  16  0:47  Hatchery  
  15  0:52  Drone  
  15  0:55  Drone  
  17  0:58  Drone  
  18  1:09  Extractor  
  17  1:14  Spawning Pool  
  17  1:17  Drone  
  17  1:20  Drone  
  18  1:27  Drone  
  19  1:38  Drone  
  20  1:48  Overlord  
  20  2:00  Drone x2, Queen x2  
  26  2:11  Zergling x4  
  26  2:14  Metabolic Boost  
  28  2:20  Drone  
  28  2:21  Drone  
  30  2:31  Drone x2  
  32  2:38  Hatchery  
  32  2:43  Drone, Overlord  
  32  2:50  Queen  
  34  2:53  Drone  
  34  2:55  Drone  
  36  3:01  Queen  
  36  3:04  Overlord  
  38  3:06  Drone  
  38  3:09  Drone  
  38  3:10  Drone  
  38  3:12  Drone  
  42  3:16  Overlord  
  42  3:18  Drone  
  43  3:25  Queen  
  45  3:28  Drone x2  
  47  3:35  Overlord  
  47  3:40  Drone x2  
  49  3:41  Drone  
  49  3:42  Queen  
  49  3:47  Spore Crawler  
  49  3:48  Zergling x2  
  51  3:52  Zergling x4  
  51  3:54  Evolution Chamber  
  52  3:57  Drone  
  52  4:01  Spore Crawler, Queen  
  54  4:04  Overlord  
  54  4:06  Drone  
  55  4:10  Drone  
  55  4:13  Drone x2  
  58  4:20  Drone  
  58  4:22  Zergling x8  
  58  4:23  Zergling x2  
  64  4:26  Zerg Melee Weapons Level 1  
  64  4:28  Drone  
  64  4:31  Overlord  
  65  4:33  Drone  
  65  4:35  Drone x2  
  65  4:37  Drone  
  68  4:39  Drone  
  68  4:40  Drone  
  68  4:42  Drone  
  68  4:43  Drone  
  72  4:47  Drone, Overlord  
  72  4:52  Drone x3  
  76  4:55  Overlord  
  76  5:01  Drone x3  
  76  5:05  Zergling x8  
  80  5:09  Lair  
  80  5:12  Overlord  
  78  5:16  Drone  
  78  5:18  Drone x2  
  81  5:21  Overlord  
  81  5:22  Hatchery  
  81  5:23  Drone x2  
  81  5:28  Spore Crawler, Queen  
  82  5:30  Drone x2  
  82  5:34  Overlord  
  85  5:35  Drone  
  85  5:36  Drone  
  87  5:43  Hatchery, Drone x4  
  87  5:44  Drone, Overlord  
  87  5:45  Drone x2  
  87  5:48  Extractor  
  92  5:50  Extractor  
  92  5:52  Zergling x2  
  92  5:54  Zergling x2  
  92  5:57  Overlord  
  93  5:58  Zergling x2  
  93  6:03  Extractor  
  93  6:04  Drone  
  94  6:06  Overlord  
  94  6:09  Drone x2  
  94  6:10  Drone  
  93  6:12  Drone x3, Hatchery  
  93  6:14  Drone  
  93  6:19  Drone, Hydralisk Den  
  93  6:21  Overlord  
  93  6:22  Drone x3  
  96  6:27  Zerg Melee Weapons Level 2  
  96  6:28  Drone  
  96  6:29  Evolution Chamber  
  96  6:31  Extractor  
  95  6:33  Drone x2  
  95  6:38  Zergling x6  
  100  6:40  Overlord  
  100  6:42  Drone  
  101  6:49  Drone  
  101  6:50  Drone x5, Muscular Augments  
  101  6:51  Overlord  
  101  6:53  Zergling x2  
  107  6:55  Zergling x6  
  107  7:00  Baneling Nest  
  107  7:01  Zerg Ground Armor Level 1, Infestation Pit  
  109  7:03  Zergling x2  
  109  7:04  Queen  
  109  7:05  Zergling x4  
  109  7:06  Zergling x4  
  109  7:07  Overlord, Hydralisk  
  117  7:15  Zergling x4  
  117  7:17  Zergling x8  
  117  7:18  Zergling x8  
  127  7:27  Drone x2, Extractor  
  127  7:28  Zergling x8  
  132  7:31  Zergling x2  
  132  7:34  Hydralisk  
  132  7:36  Hydralisk  
  132  7:37  Hydralisk  
  135  7:38  Hydralisk x3  
  135  7:42  Hive  
  135  7:43  Drone x3  
  148  7:45  Zergling x4, Hydralisk  
  148  7:46  Zergling x2  
  151  7:52  Drone x2  
  151  7:54  Hydralisk x3  
  151  7:55  Zergling x4  
  151  7:57  Drone  
  151  7:58  Drone x3  
  165  8:02  Overlord  
  165  8:03  Drone x3  
  165  8:05  Centrifugal Hooks, Hydralisk x2  
  172  8:06  Zergling x2  
  172  8:09  Zergling x2  
  172  8:12  Zergling x6  
  177  8:13  Baneling x3  
  177  8:14  Baneling x3  
  177  8:15  Zergling x12  
  177  8:19  Extractor  
  182  8:24  Zergling x8  
  186  8:27  Overlord  
  186  8:30  Hydralisk, Grooved Spines  
  186  8:31  Zergling x8  
  186  8:33  Drone x3  
  194  8:38  Hatchery  
  194  8:39  Overlord  
  193  8:42  Zergling x10  
  194  8:54  Adrenal Glands  
  194  8:55  Ultralisk Cavern, Drone  
  168  8:56  Drone x3  
  168  8:59  Extractor  
  168  9:00  Zergling x20  
  179  9:05  Zerg Melee Weapons Level 3  
  179  9:07  Drone x3  
  179  9:08  Extractor  
  179  9:09  Zerg Ground Armor Level 2  
  180  9:15  Drone x2  
  180  9:16  Drone  
  183  9:25  Zergling x8  
  183  9:26  Spore Crawler, Zergling x8  
  190  9:33  Baneling x2, Spore Crawler  
  190  9:36  Zergling x16  
  193  9:47  Baneling  
  193  9:48  Baneling x4  
  193  9:58  Zergling x20  
  199  10:01  Baneling x6  
  199  10:04  Baneling x2  
  199  10:13  Overseer  
  198  10:16  Baneling x4  
  197  10:22  Spore Crawler  
  197  10:23  Spine Crawler  
  197  10:24  Spine Crawler x2  
  193  10:31  Overseer  
  193  10:32  Baneling x5  
  192  10:48  Zergling x10  
  192  10:49  Zergling x4  
  199  10:50  Baneling x2  
  199  10:51  Baneling x2  
  160  11:14  Ultralisk x3  
  160  11:15  Zergling x8, Ultralisk x3  
  160  11:16  Zergling x2  
  160  11:17  Zergling x38  
  183  11:22  Hydralisk x4, Ultralisk x3  
  183  11:23  Zergling x2  
  199  11:28  Zerg Ground Armor Level 3  
  199  11:31  Chitinous Plating  
  199  11:39  Overseer x2  
  199  11:42  Zerg Missile Weapons Level 1  
  199  11:43  Spine Crawler  
  199  11:45  Spine Crawler  
  199  11:46  Zergling x2  
  196  11:58  Ultralisk x2  
  196  11:59  Zergling x6  
  189  12:01  Zergling x18  
  189  12:03  Overlord  
  189  12:05  Overlord  
  188  12:14  Zergling x20  
  187  12:15  Zergling x2  
  187  12:16  Zergling x12  
  187  12:21  Zergling x22  
  187  12:22  Zergling x6  
  195  12:42  Baneling x4  
  195  12:43  Baneling x3  
  195  12:49  Zergling x8  
  195  12:50  Hatchery, Anabolic Synthesis  
  198  12:53  Spire  
  197  12:58  Baneling x2  
  165  13:15  Ultralisk x3  
  165  13:17  Zergling x38  
  165  13:18  Zergling x12  
  196  13:20  Zergling x4  
  196  13:21  Zergling x2  
  196  13:25  Overlord  
  196  13:26  Zergling x2  
  197  13:28  Zergling x6  
  193  13:35  Zergling x12  
  199  13:48  Ultralisk  
  199  13:53  Baneling x3  
  199  14:03  Zerg Missile Weapons Level 2  
  199  14:06  Baneling  
  199  14:09  Baneling  
  199  14:10  Baneling x2  
  198  14:17  Zergling x4  
  198  14:18  Zergling x2  
  198  14:22  Zergling x28  
  198  14:23  Zergling x10  
  189  14:26  Ultralisk  
  189  14:27  Zergling x4  
  189  14:29  Zergling x4  
  186  14:35  Zergling x6  
  186  14:38  Pneumatized Carapace  
  183  14:40  Zergling x4, Ultralisk x3  
  183  14:48  Zergling x4, Ultralisk  
  181  15:03  Zergling x4, Ultralisk x3  
  200  15:10  Overseer x2  
  200  15:42  Zergling x14, Ultralisk x2  
  200  15:44  Hatchery  
  200  15:48  Zergling x12  
  200  15:49  Zergling x12  
  194  15:52  Zergling x4, Ultralisk x2  
  194  15:53  Zergling x2  
  194  15:56  Zergling x6  
  194  15:57  Zergling x2  
  178  16:03  Infestor x2  
  164  16:04  Zergling x4  
  163  16:13  Zergling x6, Ultralisk  
  170  16:21  Zergling x2, Ultralisk  
  177  16:26  Zergling x10  
  177  16:28  Infestor  
  183  16:35  Zergling x2, Ultralisk  
  189  16:43  Zergling x10  
  189  16:45  Overlord  
  158  16:54  Ultralisk  
  158  16:55  Ultralisk  
  134  17:01  Ultralisk  
  140  17:09  Drone, Zergling x2, Ultralisk  
  140  17:12  Zergling x2  
  144  17:17  Zergling x6  
  144  17:18  Zergling x4  
  142  17:25  Zergling x4  
  145  17:35  Zergling x2  
Tags
 
Add a new tag
Caveats
  • Supply blocks, unpowered buildings, or Contaminate may cause inaccurate times.
  • Supply counts are checked every 10 seconds.